 Dungeon Crawl Stone Soup version 0.22.0-49-gab54619 (webtiles) character file.

1 Monsterracer the Vexing (level 1, 0/10 HPs)
             Began as a Deep Elf Enchanter on Sept 8, 2018.
             Slain by a bat (1 damage)
             ... on level 1 of the Dungeon.
             The game lasted 00:02:10 (61 turns).

Monsterracer the Vexing (Deep Elf Enchanter)          Turns: 61, Time: 00:02:11

Health: 0/10       AC:  2    Str:  5    XL:     1   Next: 16%
Magic:  5/6        EV: 13    Int: 19    God:
Gold:   0          SH:  0    Dex: 15    Spells: 5/6 levels left

rFire    . . .     SeeInvis .   a - +1 dagger
rCold    . . .     Gourm    .   (no shield)
rNeg     . . .     Faith    .   b - +0 robe
rPois    .         Spirit   .   (no helmet)
rElec    .         Reflect  .   (no cloak)
rCorr    .         Harm     .   (no gloves)
MR       .....                  (no boots)
Stlth    ++........             (no amulet)
HPRegen  0.03/turn              (no ring)
MPRegen  0.10/turn              (no ring)

@: no status effects
A: no striking features
a: no special abilities


You were on level 1 of the Dungeon.
You were not hungry.

You visited 1 branch of the dungeon, and saw 1 of its levels.

Inventory:

Hand Weapons
 a - a +1 dagger (weapon)
Armour
 b - a +0 robe (worn)
Comestibles
 c - a ration


   Skills:
 + Level 0.0 Fighting
 - Level 1.0 Short Blades
 - Level 2.4 Dodging
 - Level 3.6 Stealth
 + Level 3.0 Spellcasting
 * Level 4.0 Hexes


You had 5 spell levels left.
You knew the following spells:

 Your Spells              Type           Power        Failure   Level  Hunger
j - Corona                Hex            ###....      2%          1    None

Your spell library contained the following spells:

 Spells                   Type           Power        Failure   Level  Hunger
 Confuse                  Hex            ###.....     9%          3    ###....
 Tukima's Dance           Hex            ###.....     9%          3    ###....
 Ensorcelled Hibernation  Hex/Ice        ##....       10%         2    ##.....
 Dazzling Spray           Conj/Hex       ##....       21%         3    ###....


Dungeon Overview and Level Annotations

Branches:
Dungeon (1/15)

Altars:


Message History

r - Retreat! s - Stop attacking. g - Guard the area. f - Follow me.
Anything else - Cancel.
Okay, then.
You see here a stone.
The kobold is too close now for your liking.
Unknown command.
Unknown command.
No target in view!
Casting: Corona (safe; 3% risk of failure)
Confirm with . or Enter, or press ? or * to list all spells.
Okay, then.
Unknown command.
Casting: Corona (safe; 3% risk of failure)
Confirm with . or Enter, or press ? or * to list all spells.
Okay, then.
Unknown command. (m)acro, (M)acro raw, keymap [(k) default, (x) level-map, (t)argeting, Input macro trigger key: 1 Current Action: z*a Do you wish to (r)edefine, (c)lear, or (a)bort?
Okay, then.
Casting: Corona (safe; 3% risk of failure)
Confirm with . or Enter, or press ? or * to list all spells.
Okay, then.
Casting: Corona (safe; 3% risk of failure)
Confirm with . or Enter, or press ? or * to list all spells.
Okay, then.
Casting: Corona (safe; 3% risk of failure)
Confirm with . or Enter, or press ? or * to list all spells.
Aiming: Corona (safe; 3% risk of failure)
Press: ? - help, Shift-Dir - straight line, f - kobold
Aim: a kobold (chance to defeat MR: 73%)
The kobold is outlined in light.
You now have 5/6 mp.
You hit the kobold.
The kobold is severely wounded.
The kobold closely misses you.
You hit the kobold.
You kill the kobold!
Magic restored.
The rat is too close now for your liking.
MP restored: 6 A rat is nearby!
You see here a stone.
Found 6 gold pieces and a ration.
A bat comes into view.
The rat barely misses you.
You hit the rat.
You kill the rat!
A bat is nearby!
A kobold comes into view. It is wielding a short sword.
The kobold shouts!
The kobold throws a stone.
The stone hits you but does no damage.
You see here a stone.
The kobold throws a stone.
The stone barely misses you.
You see here a stone.
Casting: Corona (safe; 2% risk of failure)
Confirm with . or Enter, or press ? or * to list all spells.
Aiming: Corona (safe; 2% risk of failure)
Press: ? - help, Shift-Dir - straight line, f - bat
Aim: a bat (chance to defeat MR: 73%)
The bat is outlined in light.
A bat comes into view.
The bat closely misses you.
You now have 5/6 mp.
You hit the bat but do no damage. The bat hits you. x2
You take 2 damage, and have 8/10 hp.
The bat hits you. The bat barely misses you.
You take 1 damage, and have 7/10 hp.
You miss the bat. The bat hits you but does no damage. x2
The kobold misses you. The bat closely misses you. The bat misses you.
Casting: Corona (safe; 2% risk of failure)
Confirm with . or Enter, or press ? or * to list all spells.
Aiming: Corona (safe; 2% risk of failure)
Press: ? - help, Shift-Dir - straight line, f - bat, p - bat
Aim: a bat (chance to defeat MR: 73%)
The bat is outlined in light.
The bat completely misses you. The bat hits you.
You take 1 damage, and have 6/10 hp.
You now have 4/6 mp.
The bat misses you. The bat hits you but does no damage.
You hit the bat.
The bat is moderately wounded.
The bat misses you. The bat closely misses you.
The kobold hits you with a short sword.
* * * LOW HITPOINT WARNING * * *
The bat hits you but does no damage.
You take 2 damage, and have 4/10 hp.
The bat misses you. The bat hits you but does no damage.
The bat stops glowing.
The bat hits you but does no damage. The bat barely misses you.
Found 11 bolts.
The bat misses you. The kobold hits you with a short sword.
* * * LOW HITPOINT WARNING * * *
The bat closely misses you.
You take 3 damage, and have 1/10 hp.
MASSIVE DAMAGE!!
The bat hits you but does no damage. The bat barely misses you.
The bat closely misses you. The bat hits you but does no damage.
The bat hits you.
You die...

...#...........
...........(.#####$
......#.###(.%.....
........##.........
........##..#####.#
.........#..# .
.........#..#
.....(..b#..#
.......@bK..#
#########...# #...#
##..# #..# #..#
#... #...#


You could see 2 bats and a kobold.

Vanquished Creatures
  A kobold (D:1)
  A rat (D:1)
2 creatures vanquished.

Notes
Turn   | Place    | Note
-------+----------+-------------------------------------------
     0 | D:1      | Monsterracer the Deep Elf Enchanter began the quest for the
                  | Orb.
     0 | D:1      | Reached XP level 1. HP: 10/10 MP: 6/6
    56 | D:1      | HP: 4/10 [kobold/short sword (2)]
    59 | D:1      | HP: 1/10 [kobold/short sword (3)]
    61 | D:1      | Slain by a bat

Action                   || total
-------------------------++-------
Melee: Dagger            ||     6
 Cast: Corona            ||     3
Armor: Robe              ||     9
Dodge: Dodged            ||    19

Vault maps used:
D:1:      dpeg_arrival_fog, grunt_decor_cap
